 Dungeon Crawl Stone Soup version 0.30-a0-341-g6827065 (webtiles) character file.

Game seed: 96394326287246899

25 Dorkslayer the Covered (level 3, -3/29 HPs)
             Began as a Human Fighter on Nov 1, 2022.
             Succumbed to a gnoll's poison
             ... on level 2 of the Dungeon.
             The game lasted 00:02:49 (898 turns).

Dorkslayer the Covered (Human Fighter)               Turns: 898, Time: 00:02:49

Health: -3/29      AC:  6    Str: 16    XL:     3   Next: 17%
Magic:  3/3        EV:  9    Int:  8    God:
Gold:   46         SH:  5    Dex: 14    Spells: 2/2 levels left

rFire   . . .      SeeInvis +    a - +0 long sword
rCold   . . .      Faith    .    c - +0 buckler
rNeg    . . .      Spirit   .    b - +0 scale mail
rPois   .          Reflect  .    (no helmet)
rElec   .          Harm     .    (no cloak)
rCorr   .          Rampage  .    (no gloves)
Will    .....                    (no boots)
Stlth   ..........               (no amulet)
HPRegen 0.24/turn                g - ring of see invisible
MPRegen 0.08/turn                (no ring)

@: mighty, lethally poisoned (-3 -> -27)
A: no striking features
a: no special abilities


You were on level 2 of the Dungeon.
You visited 1 branch of the dungeon, and saw 2 of its levels.

You collected 46 gold pieces.

Inventory:

Hand Weapons
 a - a +0 long sword (weapon)
Armour
 b - a +0 scale mail (worn)
 c - a +0 buckler (worn)
Jewellery
 g - a ring of see invisible (left hand)
Scrolls
 j - a scroll of torment {unknown}
Potions
 d - a potion of might
 e - a potion of haste {unknown}
 f - a potion of heal wounds {unknown}
 h - a potion of magic {unknown}
 i - a potion of attraction {unknown}


   Skills:
 + Level 3.2 Fighting
 + Level 2.4 Long Blades
 + Level 3.2 Armour
 * Level 0.8 Dodging
 + Level 3.1 Shields


You had 2 spell levels left.
You didn't know any spells.
Your spell library contained the following spells:

 Spells                   Type           Power      Damage    Failure   Level
 Vhi's Electric Charge    Tloc/Air       0%         N/A       99%         3
 Arcjolt                  Conj/Air       0%         1d10      100%        5
 Maxwell's Capacitive Co  Air            0%         ∞         100%        8


Dungeon Overview and Level Annotations

Branches:
Dungeon (2/15)

Altars:


Message History

You see here 3 stones.
The kobold attacks as you move away! You block the kobold's attack.
A kobold comes into view. It is wielding a +0 short sword.
The kobold shouts!
The kobold hits you but does no damage. The kobold attacks as you move away!
The kobold hits you but does no damage.
You feel very mighty all of a sudden. The kobold hits you but does no damage.
You hit the kobold.
You kill the kobold!
You barely miss the kobold. The kobold hits you but does no damage.
You hit the kobold.
You kill the kobold!
The jackal bites you but does no damage.
You hit the jackal.
The jackal is almost dead.
You block the jackal's attack.
The jackal bites you but does no damage.
You closely miss the jackal.
The jackal is almost dead.
The jackal closely misses you. The jackal bites you.
You closely miss the jackal.
The jackal is almost dead.
You block the jackal's attack. The jackal barely misses you.
You hit the jackal.
You kill the jackal!
The kobold hits you but does no damage.
You slash the kobold!
You kill the kobold!
The gnoll hits you from afar with a +1 spear of venom.
You are poisoned.
A worm comes into view.
You feel sick.
The gnoll hits you with a +1 spear of venom!
* * * LOW HITPOINT WARNING * * *
You are more poisoned.
Items here: $ ))) ††.
You slash the gnoll!
The gnoll is almost dead.
You die...

... # ## w.##. #..
...# ##.. .(# # ..#
#.. #. ..# #.. .. #.#
#.. #.#######.#
#####..
#...@gJgw.#####.....g
#######o...(..#......
#.#####.#.#####
#.......#.##..g
#.##....K.J..##
#.##.##.#...... #.##.
#<#.#.### #...
..#...... #
##.###.##.


You could see a worm, a gnoll, an orc, an endoplasm and a hobgoblin.

Vanquished Creatures
  3 bats (D:1)
  A giant cockroach (D:1)
  2 goblins (D:1)
  3 hobgoblins (D:1)
  A jackal (D:2)
  A quokka (D:1)
  3 ball pythons (D:1)
  3 frilled lizards (D:1)
  3 kobolds (D:2)
  4 rats (D:1)
24 creatures vanquished.

Notes
Turn   | Place    | Note
-------+----------+-------------------------------------------
     0 | D:1      | Dorkslayer the Human Fighter began the quest for the Orb.
     0 | D:1      | Reached XP level 1. HP: 18/18 MP: 1/1
    85 | D:1      | Reached XP level 2. HP: 23/24 MP: 2/2
   621 | D:1      | Found a faded altar of an unknown god.
   706 | D:1      | Reached XP level 3. HP: 29/29 MP: 3/3
   898 | D:2      | Succumbed to a gnoll's poison

Illustrated notes

Levels and vault maps discovered:
D:1:      scummos_arrival_hexagon, layout_basic, ebering_ecumenical_altar_box
D:2:      layout_loops_cross, minmay_vboxes

Action                   || total
-------------------------++-------
Melee: Long sword        ||    68
  Use: Potion            ||     1
Armor: Scale mail        ||    35
Dodge: Dodged            ||    33
Block: Buckler           ||    22

Table legend: (Time is in decaauts)
 A = Elapsed time spent in this place.
 B = Non-inter-level travel time spent in this place.
 C = Inter-level travel time spent in this place.
 D = Time resting spent in this place.
 E = Time spent auto-exploring this place.
 F = Levels seen in this place.
 G = Mean time per level.
                   A        B        C        D        E       F      G
               +--------+--------+--------+--------+--------+-----+--------+
         Total |    919 |    919 |      0 |      0 |    521 |   2 |  459.5 |
       Dungeon |    919 |    919 |      0 |      0 |    521 |   2 |  459.5 |
               +--------+--------+--------+--------+--------+-----+--------+

Top non-repeatable levels by time:
     D:1: 877 daAuts
     D:2: 42 daAuts
